 Dungeon Crawl Stone Soup version 0.28.0-43-g3370ac3207 (webtiles) character file.

Game seed: 3062752407390425482

49 fknight the Bolt Thrower (level 4, -4/27 HPs)
             Began as a Kobold Hunter on Mar 4, 2022.
             Was a Follower of Dithmenos.
             Slain by a worm (7 damage)
             ... on level 2 of the Dungeon.
             The game lasted 00:05:44 (2154 turns).

fknight the Bolt Thrower (Kobold Hunter)            Turns: 2154, Time: 00:05:44

Health: -4/27      AC:  3    Str:  9    XL:     4   Next: 2%
Magic:  4/4        EV: 15    Int: 12    God:    Dithmenos [*.....]
Gold:   46         SH:  0    Dex: 17    Spells: 3/3 levels left

rFire   . . .      SeeInvis .   g - +0 dagger
rCold   . . .      Faith    .   (no shield)
rNeg    . . .      Spirit   .   c - +0 leather armour
rPois   .          Reflect  .   (no helmet)
rElec   .          Harm     .   (no cloak)
rCorr   .          Rampage  .   (no gloves)
Will    .....                   (no boots)
Stlth   ++++......              (no amulet)
HPRegen 0.09/turn               (no ring)
MPRegen 0.09/turn               (no ring)

@: wreathed by umbra
A: small, no large weapons, nightstalker 3
a: Renounce Religion


You were on level 2 of the Dungeon.
You worshipped Dithmenos.
Dithmenos was aware of your devotion.
You visited 1 branch of the dungeon, and saw 2 of its levels.

You collected 46 gold pieces.

Inventory:

Hand Weapons
 a - a +1 hand crossbow
 b - a +0 short sword
 g - a +0 dagger (weapon)
Missiles
 d - 41 bolts
 h - 48 stones (quivered)
 i - 23 sling bullets
Armour
 c - a +0 leather armour (worn)
Jewellery
 j - an amulet of guardian spirit
Potions
 e - a potion of invisibility {unknown}
 f - a potion of flight {unknown}


   Skills:
 + Level 2.9 Fighting
 + Level 5.2 Crossbows
 + Level 3.1 Dodging
 + Level 2.7 Stealth


You had 3 spell levels left.
You didn't know any spells.
Your spell library was empty.

Dungeon Overview and Level Annotations

Branches:
Dungeon (2/15)

Altars:
Dithmenos

Shops:
D:1 :[


Innate Abilities, Weirdness & Mutations

You are small and have problems with some larger weapons.
You are completely attuned to the shadows.


Message History

The worm is moderately wounded.
The worm misses you.
You barely miss the worm.
The worm is lightly wounded.
You hit the worm.
The worm is moderately wounded.
The worm misses you.
You hit the worm.
The worm is moderately wounded.
You hit the worm.
The worm is heavily wounded.
The worm completely misses you.
You hit the worm.
The worm is heavily wounded.
The worm bites you!
You hit the worm.
The worm is heavily wounded.
You barely miss the worm.
The worm is heavily wounded.
The worm bites you but does no damage.
You hit the worm but do no damage.
The worm is heavily wounded.
You barely miss the worm.
The worm is heavily wounded.
The worm barely misses you.
You hit the worm but do no damage.
The worm is moderately wounded.
The worm bites you!
* * * LOW HITPOINT WARNING * * *
You hit the worm.
The worm is heavily wounded.
You barely miss the worm.
The worm is heavily wounded.
The worm closely misses you.
You hit the worm but do no damage.
The worm is moderately wounded.
You hit the worm.
The worm is heavily wounded.
The worm bites you!
You die...

###### ###.....
###############...##..
#...............###.(.
.###.#############..#.
.#.#w@# #.... #.⌠.#.#
###.### #.#..# #...# #
###.## #..#### ...#
#..# #. #...# #..###.
##.## ##......
##...#### #....#


You could see a worm.

Vanquished Creatures
  3 dart slugs (D:1)
  2 ball pythons (D:1)
  5 endoplasms
  A giant cockroach (D:2)
  4 goblins
  3 hobgoblins
  2 jackals (D:2)
  5 kobolds
  3 quokkas
  5 frilled lizards
  5 rats
38 creatures vanquished.

Notes
Turn   | Place    | Note
-------+----------+-------------------------------------------
     0 | D:1      | fknight the Kobold Hunter began the quest for the Orb.
     0 | D:1      | Reached XP level 1. HP: 12/12 MP: 1/1
   340 | D:1      | Reached XP level 2. HP: 18/18 MP: 2/2
   481 | D:1      | Reached skill level 5 in Crossbows
   483 | D:1      | Found a shadowy altar of Dithmenos.
   491 | D:1      | Became a worshipper of Dithmenos the Shadowed
   820 | D:1      | Found Fuut's Book Shop.
   875 | D:1      | Reached XP level 3. HP: 17/22 MP: 3/3
  1389 | D:1      | Found Ireale's Antique Armour Emporium.
  1805 | D:2      | Reached * piety under Dithmenos
  1855 | D:2      | Reached XP level 4. HP: 9/27 MP: 4/4
  2154 | D:2      | Slain by a worm

Illustrated notes

Levels and vault maps discovered:
D:1:      ncdulo_watergridlock, layout_loops_ring, serial_shops,
          nicolae_shop_hallway_stairs, shop, kennysheep_flooded_box
D:2:      layout_rooms, grunt_decor_one_mirror, minmay_fractal_squares_gapless_5

Skill      XL: |  1  2  3 |
---------------+----------+-----
Stealth        | 2 |  2.7
Crossbows      | 5 |  5.2
Dodging        | 3 |  3.1
Fighting       | |  2.9

Action                   |  1- 3 |  4- 6 || total
-------------------------+-------+-------++-------
Melee: Short sword       |   100 |       ||   100
       Punch             |     1 |       ||     1
       Dagger            |       |    22 ||    22
 Fire: Hand crossbow     |    27 |     2 ||    29
 Stab: Sleeping          |     2 |       ||     2
Armor: Leather armour    |    15 |     1 ||    16
Dodge: Dodged            |    65 |     8 ||    73
